 Dungeon Crawl Stone Soup version 0.25.1-2-g60ff931df9 (webtiles) character file.

Game seed: 13632716193195449943

2398 Forgol the Carver (level 9, -14/117 HPs)
             Began as a Grey Draconian Berserker on Sept 9, 2020.
             Was a Priest of Trog.
             Demolished by a two-headed ogre
             ... wielding a +0 giant spiked club
              (31 damage)
             ... on level 7 of the Dungeon.
             The game lasted 00:18:31 (5566 turns).

Forgol the Carver (Grey Draconian Berserker)        Turns: 5566, Time: 00:18:32

Health: -14/117    AC: 15    Str: 22    XL:     9   Next: 23%
Magic:  3/3        EV: 14    Int:  8    God:    Trog [***...]
Gold:   412        SH:  0    Dex: 11    Spells: 8/8 levels left

rFire    + . .     SeeInvis .   o - +8 Wrath of Trog {antimagic, *Rage}
rCold    . . .     Gourm    .   (shield currently unavailable)
rNeg     + . .     Faith    .   (armour unavailable)
rPois    .         Spirit   .   (helmet restricted)
rElec    .         Reflect  .   j - +2 cloak
rCorr    .         Harm     .   (no gloves)
MR       .....     Rnd*Rage +   (no boots)
Stlth    ..........             (no amulet)
HPRegen  0.29/turn              d - ring of positive energy
MPRegen  0.08/turn              e - ring of protection from fire

@: berserking (expiring), starving, very quick
A: walk through water, unfitting armour, unbreathing, cold-blooded, AC +12
a: Berserk, Trog's Hand, Renounce Religion


You were on level 7 of the Dungeon.
You worshipped Trog.
Trog was most pleased with you.
You were starving.

You visited 1 branch of the dungeon, and saw 8 of its levels.

You collected 412 gold pieces.

Inventory:

Hand Weapons
 a - a +3 falchion
 o - the +8 Wrath of Trog (weapon) {antimagic, *Rage}
   (You found it on level 5 of the Dungeon)

   It reduces the magical energy of the wielder, and disrupts the spells and
   magical abilities of those hit.
   Natural abilities and divine invocations are not affected.
   It may make you go berserk in combat.
 w - a +1 scythe of protection
Missiles
 i - 248 stones (quivered)
Armour
 c - a +0 cloak of poison resistance
 j - a +2 cloak (worn)
 x - a +0 tower shield
Jewellery
 d - a ring of positive energy (left hand)
 e - a ring of protection from fire (right hand)
 s - an uncursed ring of stealth
 v - a +4 ring of slaying {unknown}
Wands
 t - a wand of paralysis (6)
Scrolls
 h - 3 scrolls of teleportation
 k - a scroll of blinking
 l - 5 scrolls of remove curse
 u - a scroll of magic mapping
Potions
 f - 3 potions of mutation
 m - 3 potions of heal wounds
 n - a potion of curing
 p - 2 potions of cancellation
 q - a potion of magic {unknown}
 r - 2 potions of haste
Comestibles
 b - 11 rations


   Skills:
 + Level 6.9 Fighting
 - Level 8.4 Long Blades
 * Level 5.4 Axes
 + Level 5.7 Dodging


You had 8 spell levels left.
You didn't know any spells.
Your spell library was empty.

Dungeon Overview and Level Annotations

Branches:
Dungeon (8/15)             Temple (0/1) D:4
   Lair: D:8-11

Altars:
Hepliaklqana
Nemelex Xobeh
Qazlal

Shops:
D:6 *


Innate Abilities, Weirdness & Mutations

You can walk through water.
Your dull iron-grey scales are very hard. (AC +12)
You cannot fit into any form of body armour.
You can survive without breathing.
You are cold-blooded and may be slowed by cold attacks.


Message History

You barely miss the two-headed ogre.
Your tail-slap misses the two-headed ogre.
The two-headed ogre is severely wounded.
The two-headed ogre hits you with a +0 giant spiked club!
* * * LOW HITPOINT WARNING * * *
The two-headed ogre closely misses you.
You closely miss the two-headed ogre.
Your tail-slap misses the two-headed ogre.
The two-headed ogre is severely wounded.
The two-headed ogre completely misses you.
The two-headed ogre misses you.
You barely miss the two-headed ogre.
The two-headed ogre is severely wounded.
The crimson imp blinks!
You are too berserk!
You barely miss the two-headed ogre.
Your tail-slap misses the two-headed ogre.
The two-headed ogre is severely wounded.
The two-headed ogre hits you with a +0 giant spiked club!!
You die...

# #.#
#.##.####.##....# #
#.#
#.##.####.##....#
###.#
#.##............#
....#
#.##########..#.####
#### ..### #...#
#..#.....##... #.#
###.# ........[.
#รท# #.# .....:..
#.# #.#######
#.##... #.#
#.....@.# #......
#.# #######O#
#.##.#. #.#


Fa. #.##.#. #.# W?... #...... #.# ...........##.## #.# .........#.##.## #5......
#...>.. #..... #.##.## # #.# You could see a two-headed ogre, a hungry ghost, a
bullfrog, a worker ant and a crimson imp.

Vanquished Creatures
  Pikel (D:5)
  Joseph (D:7)
  Grinder (D:4)
  Sigmund (D:6)
  A hungry ghost (D:7)
  2 ogres
  3 centaurs (D:5)
  A bullfrog (D:7)
  A scorpion (D:4)
  3 killer bees (D:7)
  An orc priest (D:4)
  A centaur skeleton (D:7)
  3 hounds
  2 iguanas
  Crazy Yiuf (D:5)
  Terence (D:3)
  3 orc wizards
  4 worker ants
  4 adders
  A shadow imp (D:6)
  3 oozes
  2 adder skeletons (D:5)
  A dart slug (D:2)
  3 leopard geckos
  11 orcs
  A ball python (D:6)
  A bat (D:2)
  3 giant cockroaches
  6 goblins
  8 hobgoblins
  9 jackals
  4 quokkas
  3 frilled lizards (D:2)
  3 kobolds
  2 quokka skeletons (D:4)
  8 rats
104 creatures vanquished.

Vanquished Creatures (others)
  A ball python (D:5)
  A giant cockroach (D:5)
2 creatures vanquished.

Grand Total: 106 creatures vanquished

Notes
Turn   | Place    | Note
-------+----------+-------------------------------------------
     0 | D:1      | Forgol the Draconian Berserker began the quest for the Orb.
     0 | D:1      | Reached XP level 1. HP: 19/19 MP: 1/1
   118 | D:1      | Reached XP level 2. HP: 26/26 MP: 2/2
   554 | D:2      | Reached skill level 4 in Long Blades
   577 | D:2      | Found a stormy altar of Qazlal.
   636 | D:2      | Reached XP level 3. HP: 20/31 MP: 3/3
  1092 | D:2      | Reached XP level 4. HP: 38/38 MP: 4/4
  1108 | D:2      | Reached ** piety under Trog
  1108 | D:2      | Reached skill level 5 in Long Blades
  1809 | D:3      | Noticed Terence
  1818 | D:3      | Killed Terence
  2353 | D:4      | Found a staircase to the Ecumenical Temple.
  2363 | D:4      | Reached XP level 5. HP: 45/45 MP: 5/5
  2365 | D:4      | Reached skill level 6 in Long Blades
  2535 | D:4      | Found a sparkling altar of Nemelex Xobeh.
  2579 | D:4      | Reached XP level 6. HP: 47/51 MP: 6/6
  2762 | D:4      | Noticed Grinder
  2771 | D:4      | Killed Grinder
  2771 | D:4      | Reached skill level 7 in Long Blades
  2771 | D:4      | Your scales start taking on a dull iron-grey colour.
  2771 | D:4      | Reached XP level 7. HP: 59/59 MP: 7/7
  2771 | D:4      | Gained mutation: You can survive without breathing. [Grey
                  | Draconian growth]
  3417 | D:5      | Entered Level 5 of the Dungeon
  3445 | D:5      | Noticed Pikel
  3470 | D:5      | Killed Pikel
  3470 | D:5      | Reached skill level 5 in Fighting
  3470 | D:5      | Reached skill level 8 in Long Blades
  3470 | D:5      | Reached XP level 8. HP: 68/68 MP: 8/8
  3492 | D:5      | You fall into a shaft and drop 3 floors!
  3565 | D:5      | Found the +8 Wrath of Trog {antimagic, *Rage}
  3616 | D:5      | Reached skill level 1 in Axes
  3757 | D:5      | Found a hazy altar of Hepliaklqana.
  3785 | D:5      | Found a runed translucent door.
  3786 | D:5      | Noticed Crazy Yiuf
  4221 | D:5      | Killed Crazy Yiuf
  4488 | D:6      | Found Bionenk's General Store.
  4778 | D:6      | Noticed Sigmund
  4790 | D:6      | Killed Sigmund
  4790 | D:6      | Reached skill level 5 in Dodging
  5042 | D:6      | Reached *** piety under Trog
  5465 | D:7      | Noticed Joseph
  5472 | D:7      | Paralysed by Joseph for 4 turns
  5479 | D:7      | Killed Joseph
  5479 | D:7      | Reached skill level 5 in Axes
  5479 | D:7      | Reached XP level 9. HP: 78/78 MP: 3/9
  5551 | D:7      | Noticed a two-headed ogre
  5566 | D:7      | Demolished by a two-headed ogre

Illustrated notes

Levels and vault maps discovered:
D:1:      dpeg_arrival_tiny_d, layout_rooms, minmay_small_reverse_x
D:2:      layout_basic, nicolae_qazlal_general_emergency
D:3:      layout_loops_ring, uniq_terence
D:4:      layout_gridville, nemelex_xobeh_ov_fountains_minmay,
          minmay_temple_entry_gardened_gates, first_ration, uniq_grinder
D:5:      layout_rooms, lemuel_round_altar, hangedman_decor_points,
          minmay_misc_feat_more_columns, uniq_pikel, uniq_crazy_yiuf_cottage
D:6:      layout_loops_corners, serial_shops, shop, uniq_sigmund
D:7:      layout_loops_ring, lemuel_blue_sif_altar, serial_shops,
          kennysheep_mini, grunt_ogre_cave, fedhas_bush_and_centaur_altar,
          uniq_joseph
D:8:      layout_gridville, lair_entry_dummy, serial_shops, nicolae_shop_stone

Skill      XL: |  1  2  3  4  5  6  7  8 |
---------------+-------------------------+-----
Long Blades    | 4 5 6 7 8 |  8.4
Dodging        | 3 4 5 |  5.7
Fighting       | 4 5 6 |  6.9
Axes           | 5 |  5.4

Action                   |  1- 3 |  4- 6 |  7- 9 || total
-------------------------+-------+-------+-------++-------
Melee: Falchion          |    69 |   100 |    38 ||   207
       Tailslap          |     4 |    19 |    15 ||    38
       Battleaxe         |       |       |    82 ||    82
Throw: Stone             |       |       |     2 ||     2
Invok: Berserk           |     1 |     3 |     5 ||     9
       Trog's Hand       |       |       |     1 ||     1
  Use: Scroll            |     6 |     7 |     9 ||    22
       Potion            |       |       |     1 ||     1
  Eat: Chunk             |     2 |     7 |    11 ||    20
       Ration            |       |       |     1 ||     1
Armor: Skin              |    18 |    30 |    42 ||    90
Dodge: Dodged            |    38 |    83 |    81 ||   202
       Rpst.: Falchion   |    11 |    21 |    10 ||    42
